 Dungeon Crawl Stone Soup version 0.28.0 (webtiles) character file.

Game seed: 18050004559756784967

8 386 the Skirmisher (level 2, 24/24 HPs)
             Began as a Demonspawn Fighter on Feb 15, 2022.
             Quit the game on level 1 of the Dungeon.
             The game lasted 00:05:39 (267 turns).

386 the Skirmisher (Demonspawn Fighter)              Turns: 267, Time: 00:05:40

Health: 24/24      AC:  6    Str: 16    XL:     2   Next: 0%
Magic:  2/2        EV:  8    Int:  9    God:
Gold:   0          SH:  4    Dex: 12    Spells: 1/1 levels left

rFire   . . .      SeeInvis .   a - +0 war axe
rCold   . . .      Faith    .   c - +0 buckler
rNeg    . . .      Spirit   .   b - +0 scale mail
rPois   .          Reflect  .   (no helmet)
rElec   .          Harm     .   (no cloak)
rCorr   .          Rampage  .   (no gloves)
Will    .....                   (no boots)
Stlth   ..........              (no amulet)
HPRegen 0.08/turn               (no ring)
MPRegen 0.08/turn               (no ring)

@: no status effects
A: claws 1
a: no special abilities


You were on level 1 of the Dungeon.
You visited 1 branch of the dungeon, and saw 1 of its levels.

Inventory:

Hand Weapons
 a - a +0 war axe (weapon)
Missiles
 i - 20 sling bullets
 j - 24 stones (quivered)
Armour
 b - a +0 scale mail (worn)
 c - a +0 buckler (worn)
Scrolls
 f - a scroll of enchant armour {unknown}
Potions
 d - a potion of might
 e - 2 potions of curing {unknown}
 g - a potion of brilliance {unknown}
 h - a potion of cancellation {unknown}


   Skills:
 + Level 3.1 Fighting
 + Level 2.0 Axes
 + Level 2.8 Armour
 + Level 2.8 Shields


You had one spell level left.
You didn't know any spells.
Your spell library was empty.

Dungeon Overview and Level Annotations

Branches:
Dungeon (1/15)

Altars:

Shops:
D:1 ?


Innate Abilities, Weirdness & Mutations

You have sharp fingernails.


Message History

The kobold hits you with a +0 dagger.
You barely miss the kobold.
The kobold is heavily wounded.
You block the kobold's attack. The kobold hits you but does no damage.
You hit the kobold.
You kill the kobold!
No target in view!
You open the door.
There is an open door here.
Found 20 sling bullets.
There is an open door here.
There is an open door here.
You see here 20 sling bullets.
i - 20 sling bullets
There is an open door here.
You see here 24 stones.
j - 24 stones
Found a leather armour.
You see here a +0 leather armour.
You see here a +0 leather armour.
Found a stone staircase leading down.
A frilled lizard comes into view.
The frilled lizard hisses angrily.
You barely miss the frilled lizard.
The frilled lizard completely misses you.
You slash the frilled lizard!
You kill the frilled lizard!
No target in view!
You see here a frilled lizard corpse.
Found a faded altar of an unknown god.
A bat comes into view.
You barely miss the bat. You block the bat's attack. The bat barely misses you.
The bat hits you but does no damage.
You hit the bat.
You kill the bat!
Your Axes skill increases to level 2!
You have reached level 2!
Your demonic ancestry asserts itself...
Your fingernails lengthen.
Are you sure you want to abandon this character and quit the game? (Confirm with "yes".)

#.#####.#
#.#.....########
#.......#
#.#######
######### #.#
#.# # #.# .. #†#
#§# #.# ##§..#.#
#..§..@#
#.§...>.#
#..#.....# ##
##...## ##.##
... #.# #+#


There were no monsters in sight!

Vanquished Creatures
  A ball python (D:1)
  A bat (D:1)
  An endoplasm (D:1)
  A kobold (D:1)
  2 frilled lizards (D:1)
  A goblin (D:1)
  A rat (D:1)
8 creatures vanquished.

Notes
Turn   | Place    | Note
-------+----------+-------------------------------------------
     0 | D:1      | 386 the Demonspawn Fighter began the quest for the Orb.
     0 | D:1      | Reached XP level 1. HP: 18/18 MP: 1/1
    20 | D:1      | Found Anov's Magic Scroll Shop.
   262 | D:1      | Found a faded altar of an unknown god.
   267 | D:1      | Gained mutation: You have sharp fingernails. [demonic
                  | ancestry]
   267 | D:1      | Reached XP level 2. HP: 24/24 MP: 2/2
   267 | D:1      | Quit the game

Illustrated notes

Levels and vault maps discovered:
D:1:      minmay_arrival_checkered_box, layout_loops_corners, serial_shops,
          nicolae_lakefront_shop, ebering_ecumenical_altar_mist

Skill      XL: |  1 |
---------------+----+-----
Axes           | 2 |  2.0
Fighting       | |  3.1
Armour         | |  2.8
Shields        | |  2.8

Action                   || total
-------------------------++-------
Melee: War axe           ||    23
Armor: Scale mail        ||    12
Dodge: Dodged            ||     6
Block: Buckler           ||     5
